 Dungeon Crawl Stone Soup version 0.31-a0-154-g56bf346678 (webtiles) character file.

Game seed: 7761398381776589470

73 Moral the Firebug (level 4, 0/30 HPs)
             Began as a Human Fire Elementalist on June 12, 2023.
             Was a Follower of Lugonu.
             Killed from afar by an orc wizard (4 damage)
             ... with a magic dart
             ... on level 3 of the Dungeon.
             The game lasted 00:09:04 (2639 turns).

Moral the Firebug (Human Fire Elementalist)         Turns: 2639, Time: 00:09:04

Health: 0/30       AC:  4    Str:  8    XL:     4   Next: 51%
Magic:  4/8        EV: 12    Int: 17    God:    Lugonu [*.....]
Gold:   95         SH:  0    Dex: 14    Spells: 5/8 levels left

rFire   . . .        (no weapon)
rCold   . . .        (no shield)
rNeg    . . .        a - +0 robe
rPois   .            (no helmet)
rElec   .            (no cloak)
rCorr   .            i - +0 pair of gloves
SInv    .            f - +0 pair of boots
Will    .....        (no amulet)
Stlth   +            (no ring)
HPRegen 0.25/turn    (no ring)
MPRegen 0.11/turn

%: no passive effects
@: confused
A: no striking features
a: Renounce Religion, Depart the Abyss


You were on level 3 of the Dungeon.
You worshipped Lugonu.
Lugonu was aware of your devotion.
You visited 1 branch of the dungeon, and saw 3 of its levels.

You collected 95 gold pieces.

Inventory:

Armour
 a - a +0 robe (worn)
 f - a +0 pair of boots (worn)
 i - a +0 pair of gloves (worn)
Jewellery
 g - a ring of poison resistance
Potions
 c - 2 potions of brilliance
 d - 2 potions of curing {unknown}
 e - 2 potions of mutation {unknown}


   Skills:
 + Level 2.1 Dodging
 + Level 2.7 Stealth
 * Level 2.7 Spellcasting
 + Level 1.2 Conjurations
 * Level 3.9 Fire Magic


You had 5 spell levels left.
You knew the following spells:

 Your Spells              Type           Power      Damage    Failure   Level
a - Foxfire               Conj/Fire      44%        2x1d6     6%          1
b - Scorch                Fire           30%        2d6       5%          2

Your spell library contained the following spells:

 Spells                   Type           Power      Damage    Failure   Level
 Inner Flame              Hex/Fire       9%         N/A       24%         3
 Volatile Blastmotes      Fire/Tloc      18%        2d11      24%         3
 Flame Wave               Conj/Fire      11%        2d6       52%         4


Dungeon Overview and Level Annotations

Branches:
Dungeon (3/15)

Altars:
Lugonu

Shops:
D:1 *


Message History

The orc wizard hits you with a +0 dagger.
The orc wizard points at you and mumbles some strange words.
The magic dart hits you!
You aren't carrying any scrolls.
Magic courses through your body.
Casting: Scorch (safe; 5% risk of failure)
Confirm with . or Enter, or press ? or * to list all spells.
Flames lash the orc.
You kill the orc!
Lugonu accepts your kill.
The orc wizard hits you with a +0 dagger.
* * * LOW HITPOINT WARNING * * *
Casting: Scorch (safe; 5% risk of failure)
Confirm with . or Enter, or press ? or * to list all spells.
Flames lash the orc wizard.
The orc wizard is severely wounded.
The orc wizard's fire resistance burns away.
The orc wizard casts a spell at you. You resist with some effort.
Your magical contamination has completely faded away.
Casting: Scorch (safe; 5% risk of failure)
Confirm with . or Enter, or press ? or * to list all spells.
You conjure some foxfire!
The orc wizard hits you but does no damage.
Your foxfire dissipates!
The orc wizard is no longer more vulnerable to fire.
The orc wizard points at you and mumbles some strange words.
You are confused.
You're too confused to cast spells.
You bump into the rock wall.
You're too confused to cast spells.
An orc comes into view. It is wielding a +0 flail.
Found a club.
The orc wizard points at you and mumbles some strange words.
The puff of flame hits you!
* * * LOW HITPOINT WARNING * * *
You're too confused to cast spells.
The orc wizard gestures at you while chanting.
The magic dart hits you.
You die...

# #.# #.# #. .###.#.#
#.###### #.
.....#.####o.....# #. .
..........)....# #.
..###.#.####).....#####'
.........o...)..........
.........###......#.....
..o...............#.....
.######@.####.....#.....
#...# #.....#.....
#.#).#####.##.....
#.##... #.##..... #.#
##..##.#####.. #.# #..
#.# #. ...


You could see an orc wizard and an orc.

Vanquished Creatures
  3 adders
  A worm (D:2)
  3 dart slugs (D:2)
  3 orcs (D:3)
  2 endoplasms (D:1)
  A giant cockroach (D:2)
  2 hobgoblins
  3 kobolds
  A quokka (D:3)
  5 ball pythons
  2 bats
  2 frilled lizards (D:2)
  6 goblins
  A rat (D:1)
35 creatures vanquished.

Vanquished Creatures (others)
  92 foxfires
92 creatures vanquished.

Grand Total: 127 creatures vanquished

Notes
Turn   | Place    | Note
-------+----------+-------------------------------------------
     0 | D:1      | Moral the Human Fire Elementalist began the quest for the
                  | Orb.
     0 | D:1      | Reached XP level 1. HP: 13/13 MP: 3/3
   275 | D:1      | Reached XP level 2. HP: 19/19 MP: 3/5
   464 | D:1      | Found Paid Lusisemn's Assorted Antiques.
   880 | D:2      | Reached XP level 3. HP: 17/24 MP: 0/6
  1218 | D:2      | Found a faded altar of an unknown god.
  1428 | D:2      | Prayed at the altar of an unknown god.
  1428 | D:2      | Became a worshipper of Lugonu the Unformed
  1428 | D:2      | Reached * piety under Lugonu
  1604 | D:2      | Reached XP level 4. HP: 30/30 MP: 2/7
  2165 | D:2      | Learned a level 2 spell: Scorch
  2639 | D:3      | Killed from afar by an orc wizard

Illustrated notes

Levels and vault maps discovered:
D:1:      minmay_arrival_open_corners, layout_rooms, serial_shops,
          nicolae_shop_hallway_plus
D:2:      layout_loops_corners, ebering_ecumenical_altar_box
D:3:      layout_basic

Action                     |  1- 3 |  4- 6 || total
---------------------------+-------+-------++-------
  Melee: Unarmed           |     8 |     5 ||    13
   Cast: Foxfire           |    52 |    21 ||    73
         Scorch            |       |     9 ||     9
    Use: Scroll            |       |     2 ||     2
         Potion            |       |     1 ||     1
 Armour: Robe              |     5 |     3 ||     8
  Dodge: Dodged            |    23 |     5 ||    28

Table legend: (Time is in decaauts)
 A = Elapsed time spent in this place.
 B = Non-inter-level travel time spent in this place.
 C = Inter-level travel time spent in this place.
 D = Time resting spent in this place.
 E = Time spent auto-exploring this place.
 F = Levels seen in this place.
 G = Mean time per level.
                   A        B        C        D        E       F      G
               +--------+--------+--------+--------+--------+-----+--------+
         Total |   2638 |   2547 |     91 |    769 |   1329 |   3 |  879.3 |
       Dungeon |   2638 |   2547 |     91 |    769 |   1329 |   3 |  879.3 |
               +--------+--------+--------+--------+--------+-----+--------+

Top non-repeatable levels by time:
     D:2: 1704 daAuts
     D:1: 696 daAuts
     D:3: 237 daAuts
